 Dungeon Crawl Stone Soup version 0.29-a0-410-g9596d59a08 (webtiles) character file.

Game seed: 16388121469482744386

165 Ge0ff the Cudgeller (level 5, -5/32 HPs)
             Began as a Gargoyle Monk on May 14, 2022.
             Was a Believer of the Shining One.
             Splashed by a jelly's acid (7 damage)
             ... on level 5 of the Dungeon.
             The game lasted 00:03:47 (3078 turns).

Ge0ff the Cudgeller (Gargoyle Monk)                 Turns: 3078, Time: 00:03:47

Health: -5/32      AC: 13    Str: 17    XL:     5   Next: 46%
Magic:  5/5        EV:  7    Int: 10    God:    the Shining One [**....]
Gold:   103        SH:  0    Dex: 12    Spells: 4/4 levels left

rFire   . . .      SeeInvis .   a - +0 mace
rCold   . . .      Faith    .   (no shield)
rNeg    + + .      Spirit   .   v - +0 chain mail
rPois   ∞          Reflect  .   y - +0 helmet
rElec   +          Harm     .   (no cloak)
rCorr   .          Rampage  .   (no gloves)
Will    .....                   (no boots)
Stlth   ..........              (no amulet)
HPRegen 0.10/turn               (no ring)
MPRegen 0.09/turn               (no ring)

@: glowing
A: sickness immunity, AC +4, negative energy resistance 1, electricity
resistance, torment resistance 1, petrification resistance
a: Renounce Religion, Divine Shield


You were on level 5 of the Dungeon.
You worshipped the Shining One.
The Shining One was pleased with you.
You visited 1 branch of the dungeon, and saw 4 of its levels.

You collected 103 gold pieces.

Inventory:

Hand Weapons
 a - a +0 mace (weapon)
Armour
 b - a +0 robe
 v - a +0 chain mail (worn)
 y - a +0 helmet (worn)
Scrolls
 C - a scroll of poison
 T - a scroll of teleportation
Potions
 o - a potion of ambrosia
 r - a potion of degeneration {unknown}
 s - 2 potions of curing {unknown}
 u - a potion of brilliance {unknown}
 w - a potion of mutation {unknown}
 x - a potion of haste {unknown}
 z - a potion of cancellation {unknown}
 D - a potion of might {unknown}
 K - 2 potions of magic {!q}


   Skills:
 - Level 3.2 Fighting
 + Level 5.8 Maces & Flails
 - Level 1.0 Armour
 - Level 2.4 Dodging
 - Level 2.1 Stealth


You had 4 spell levels left.
You didn't know any spells.
Your spell library contained the following spells:

 Spells                   Type           Power      Damage    Failure   Level
 Summon Small Mammal      Summ           0%         N/A       100%        1
 Call Canine Familiar     Summ           0%         N/A       100%        3
 Summon Guardian Golem    Hex/Summ       0%         N/A       100%        3


Dungeon Overview and Level Annotations

Branches:
Dungeon (3/15)

Altars:
The Shining One


Innate Abilities, Weirdness & Mutations

You are immune to sickness and miasma.
Your stone body is resilient. (AC +4)
You are immune to poison.
You resist negative energy. (rN+)
You are resistant to electric shocks. (rElec)
You are resistant to unholy torment.
You are immune to petrification.


Message History

You hit the jackal.
You kill the jackal!
Found 3 gold pieces.
Found a faded altar of an unknown god.
There is a faded altar of an unknown god here.
You cannot tell which god this altar belongs to.
Convert to them anyway?
The Shining One accepts your prayer! The Shining One welcomes you!
You and your allies can now gain power from killing the unholy and evil.
You can now call upon the Shining One for a divine shield.
There is a shaft here.
You fall into a shaft and drop 2 floors!
The shaft crumbles and collapses.
A jelly comes into view.
Found a dark potion.
An iguana comes into view.
The iguana hisses angrily.
The jelly hits you but does no damage.
Unknown command.
The jelly jiggles.
The jelly hits you but does no damage. The jelly hits you but does no damage.
The jelly hits you but does no damage. The jelly barely misses you.
The iguana closely misses you. The jelly hits you but does no damage.
The iguana bites you. The jelly hits you but does no damage.
The iguana bites you but does no damage.
The jelly hits you but does no damage. The iguana bites you!
The jelly hits you but does no damage. The iguana bites you!
The jelly closely misses you. The iguana bites you.
The jelly closely misses you. The iguana bites you.
The jelly hits you but does no damage. The iguana completely misses you.
The jelly closely misses you. The iguana barely misses you.
The jelly barely misses you.
The iguana bites you but does no damage.
The jelly hits you but does no damage. The iguana bites you!
* * * LOW HITPOINT WARNING * * *
The jelly closely misses you. The iguana bites you.
* * * LOW HITPOINT WARNING * * *
The jelly hits you but does no damage.
The iguana bites you but does no damage.
The jelly completely misses you.
An orc comes into view.
It is wielding a +1 dagger of venom and wearing a +0 scale mail of willpower.
The iguana bites you but does no damage.
The jelly hits you.
* * * LOW HITPOINT WARNING * * *
You are splashed with acid!
You die...

... ..# #l# #
#########.# o#
#......##.#
##.#
#.##.###.!.#
#.........#
#####.lJ..###..
#.....@.....#
#.##.....###..
# ##.#..#
#.#..# #.#....
#.#.### #....
#. ..


You could see an iguana, a jelly and an orc (wandering).

Vanquished Creatures
  4 gnolls (D:2)
  7 adders
  A worm (D:2)
  A dart slug (D:2)
  8 endoplasms
  A giant cockroach (D:2)
  3 goblins
  4 hobgoblins (D:2)
  9 jackals
  6 kobolds
  3 quokkas
  7 ball pythons
  2 bats
  A rat (D:1)
57 creatures vanquished.

Notes
Turn   | Place    | Note
-------+----------+-------------------------------------------
     0 | D:1      | Ge0ff the Gargoyle Monk began the quest for the Orb.
     0 | D:1      | Reached XP level 1. HP: 14/14 MP: 1/1
   294 | D:1      | Reached XP level 2. HP: 5/19 MP: 2/2
  1214 | D:1      | Reached skill level 4 in Maces & Flails
  1418 | D:2      | Reached XP level 3. HP: 21/23 MP: 3/3
  1468 | D:2      | Reached skill level 1 in Armour
  1922 | D:2      | Reached XP level 4. HP: 24/28 MP: 4/4
  2213 | D:2      | Reached skill level 5 in Maces & Flails
  2450 | D:2      | Reached XP level 5. HP: 13/32 MP: 5/5
  3044 | D:3      | Found a faded altar of an unknown god.
  3053 | D:3      | Prayed at the altar of an unknown god.
  3053 | D:3      | Became a worshipper of the Shining One
  3053 | D:3      | Reached * piety under the Shining One
  3053 | D:3      | Reached ** piety under the Shining One
  3055 | D:3      | You fall into a shaft and drop 2 floors!
  3055 | D:5      | Entered Level 5 of the Dungeon
  3078 | D:5      | Splashed by a jelly's acid

Illustrated notes

Levels and vault maps discovered:
D:1:      matt_arrival_grand_opening, layout_loops_ring, minmay_cupped
D:2:      wad_river_or_something, layout_loops_ring
D:3:      layout_basic, hellmonk_ecumenical_altar_crossroads,
          chequers_serial_rivers_micro_d, hex_large
D:5:      layout_loops_ring, elyvilon_altar_1

Skill      XL: |  1  2  3  4 |
---------------+-------------+-----
Maces & Flails | 4 5 |  5.8
Armour         | 1 |  1.0
Fighting       | |  3.2
Dodging        | |  2.4
Stealth        | |  2.1

Action                   |  1- 3 |  4- 6 || total
-------------------------+-------+-------++-------
Melee: Mace              |   122 |    76 ||   198
  Use: Scroll            |     5 |     4 ||     9
 Stab: Sleeping          |     2 |       ||     2
Armor: Robe              |    21 |       ||    21
       Chain mail        |    65 |    81 ||   146
Dodge: Dodged            |   102 |    49 ||   151

Table legend: (Time is in decaauts)
 A = Elapsed time spent in this place.
 B = Non-inter-level travel time spent in this place.
 C = Inter-level travel time spent in this place.
 D = Time resting spent in this place.
 E = Time spent auto-exploring this place.
 F = Levels seen in this place.
 G = Mean time per level.
                   A        B        C        D        E       F      G
               +--------+--------+--------+--------+--------+-----+--------+
         Total |   3115 |   2972 |    143 |      0 |   2328 |   4 |  778.8 |
       Dungeon |   3115 |   2972 |    143 |      0 |   2328 |   4 |  778.8 |
               +--------+--------+--------+--------+--------+-----+--------+

Top non-repeatable levels by time:
     D:2: 1466 daAuts
     D:1: 1413 daAuts
     D:3: 212 daAuts
     D:5: 22 daAuts
